 Dungeon Crawl Stone Soup version 0.19.0-19-g8c6edcc (webtiles) character file.

235 Melicamp the Ruffian (level 5, 0/46 HPs)
             Began as a Troll Transmuter on Nov 12, 2016.
             Succumbed to a worker ant's poison
             ... on level 4 of the Dungeon.
             The game lasted 00:16:25 (2731 turns).

Melicamp the Ruffian (Troll Transmuter)             Turns: 2731, Time: 00:16:25

Health: 0/46       AC:  3    Str: 18    XL:     5   Next: 76%
Magic:  5/5        EV: 10    Int: 10    God:
Gold:   135        SH:  0    Dex: 10    Spells: 1 memorised, 5 levels left

rFire  . . .     SeeInvis .       - Unarmed
rCold  . . .     Gourm    +     (armour restricted)
rNeg   . . .     Faith    .     (no shield)
rPois  .         Spirit   .     (helmet restricted)
rElec  .         Reflect  .     (no cloak)
rCorr  .         Harm     .     (gloves unavailable)
MR     .....                    (boots unavailable)
Stlth  +.........               l - amulet of regeneration
                                (no ring)
                                (no ring)

@: lethally poisoned (0 -> -9)
A: unfitting armour, claws 3, fast metabolism 3, gourmand, regeneration 1,
shaggy fur 1, tough skin 2
a: no special abilities


You were on level 4 of the Dungeon.
You were completely stuffed.

You visited 1 branch of the dungeon, and saw 4 of its levels.

You collected 135 gold pieces.

Inventory:

Jewellery
 b - an uncursed amulet of guardian spirit
 l - an amulet of regeneration (around neck)
Scrolls
 e - a scroll of enchant weapon
 g - 4 scrolls of magic mapping
 i - 4 scrolls of remove curse
 o - a scroll of immolation {unknown}
Potions
 a - a potion of curing {unknown}
 f - 3 potions of flight
 h - 2 potions of might {unknown}
 j - a potion of mutation {unknown}
 k - a potion of agility {unknown}
 m - 2 potions of degeneration {unknown}
 p - a potion of beneficial mutation {unknown}
 q - a potion of haste {unknown}
Books
 c - a book of Changes

   Spells                             Type                      Level
   a - Beastly Appendage              Transmutation                1
   b - Sticks to Snakes               Transmutation                2
   c - Spider Form                    Transmutation/Poison         3
   d - Ice Form                       Ice/Transmutation            4
   e - Blade Hands                    Transmutation                5
Comestibles
 d - 4 bread rations
 n - 3 fruits
 r - a meat ration
 s - 6 chunks of flesh


   Skills:
 - Level 0.7 Fighting
 - Level 1.5 Dodging
 - Level 0.4 Stealth
 + Level 6.4 Unarmed Combat
 - Level 1.2 Spellcasting
 * Level 1.4 Transmutations


You had 5 spell levels left.
You knew the following spells:

 Your Spells              Type           Power        Failure   Level  Hunger
a - Beastly Appendage     Tmut           #.....       21%         1    ##.....


Dungeon Overview and Level Annotations

Branches:
Dungeon (4/15)
 Temple: D:4-7

Altars:
Yredelemnul


Innate Abilities, Weirdness & Mutations

You are too large for most types of armour.
You have claws for hands.
Your metabolism is lightning-fast.
You like to eat raw meat.
Your natural rate of healing is unusually fast.
You are covered in fur. (AC +1)
You have very tough skin. (AC +2)


Message History

The worker ant poisons you!
A hound comes into view.
You feel very sick.
The hound barks!
The worker ant bites you but does no damage.
* * * LOW HITPOINT WARNING * * *
You feel very sick.
* * * LOW HITPOINT WARNING * * *
You feel very sick. The worker ant closely misses you.
* * * LOW HITPOINT WARNING * * *
You feel very sick.
* * * LOW HITPOINT WARNING * * *
You feel sick.
* * * LOW HITPOINT WARNING * * *
You feel very sick.
The hound bites the plant but does no damage.
The worker ant bites you.
* * * LOW HITPOINT WARNING * * *
You die...

.....h..##### ............#
........#...# ..#..####♣.P# #P
#.♣..## ♣ ##.hPP# # ##.a..## ##P
##.♣.PP# #P. ##.♣@.♣## .
#PP##.....# #.. #####.♣P#..♣.###
#.. #♣..♣ ♣.P♣..P.♣.#### #..
#P..P♣♣P♣....♣PP.PP# ##..
#♣♣♣PP♣...........♣P.# #...
#P.PP...............(♣### #...
♣.P.........÷......())(#####...
♣♣P........§§.....(.)♣P).♣P.....


You could see a hound and a worker ant.

Vanquished Creatures
  A big kobold (D:4)
  7 adders
  An ooze (D:1)
  2 worms (D:3)
  A dart slug (D:1)
  An orc (D:3)
  5 bats
  4 giant cockroaches
  2 gnoll zombies (D:2)
  6 goblins
  13 hobgoblins
  2 jackals (D:3)
  27 kobolds
  A quokka (D:2)
  5 frilled lizards
  11 rats
  4 plants (D:4)
93 creatures vanquished.

Vanquished Creatures (others)
  A plant (D:4)
1 creature vanquished.

Grand Total: 94 creatures vanquished

Notes
Turn   | Place    | Note
-------+----------+-------------------------------------------
     0 | D:1      | Melicamp the Troll Transmuter began the quest for the Orb.
     0 | D:1      | Reached XP level 1. HP: 18/18 MP: 1/1
    99 | D:1      | Reached XP level 2. HP: 26/26 MP: 2/2
   494 | D:1      | Reached skill level 4 in Unarmed Combat
   539 | D:1      | Reached XP level 3. HP: 32/32 MP: 3/3
  1247 | D:2      | Found a basalt altar of Yredelemnul.
  1286 | D:2      | Reached XP level 4. HP: 40/40 MP: 4/4
  1382 | D:2      | Reached skill level 5 in Unarmed Combat
  1940 | D:3      | Reached XP level 5. HP: 41/46 MP: 5/5
  2509 | D:4      | Reached skill level 6 in Unarmed Combat
  2730 | D:4      | HP: 1/46 [worker ant (3)]
  2731 | D:4      | Succumbed to a worker ant's poison

Skill      XL: |  1  2  3  4  5 |
---------------+----------------+-----
Unarmed Combat | 4 5 6 |  6.4
Fighting       | |  0.7
Dodging        | |  1.5
Stealth        | |  0.4
Spellcasting   | |  1.2
Transmutations | |  1.4

Action                   |  1- 3 |  4- 6 || total
-------------------------+-------+-------++-------
Melee: Unarmed           |   117 |   177 ||   294
       Punch             |     1 |     3 ||     4
       Kick              |     2 |     1 ||     3
       Headbutt          |       |     3 ||     3
 Cast: Beastly Appendage |     1 |     4 ||     5
  Use: Scroll            |     6 |       ||     6
 Stab: Sleeping          |     1 |       ||     1
  Eat: Chunk             |    17 |    14 ||    31
Armor: Skin              |    34 |    24 ||    58
Dodge: Dodged            |    45 |    55 ||   100
